AoeStats
← Toker505

Arena

510240866Analyzed
1v1 RM · 3d ago on Sep 30, 2026· 47m 39s· 2 players
Game mode
Random Map
Map size
Tiny (2 player)
Population
200
Speed
Normal
Resources
Standard
Victory
Conquest
Starting age
Dark Age
Ending age
Imperial Age
RankedLock teamsTeams togetherTeam positionsShared explorationLock speedFull tech treeHidden civsTurbo modeCheats
Victory
Defeat
🇨🇳 Bohemians · China
961
+15
🇺🇸 Muisca · United States
934
-15
Toker505
9:48 Feudal Age
14:05 Castle Age
12:20 Double-Bit Axe
13:46 Stone Mining
14:45 Horse Collar
15:40 Loom
19:29 Bow Saw
20:35 Gold Mining
24:05 Wheelbarrow
29:52 Imperial Age
28:31 Herbalism
28:55 Forging
28:45 Scale Mail Armor
28:55 Heavy Plow
29:07 Treadmill Crane
30:13 Iron Casting
29:38 Scale Mail Armor
31:38 Chemistry
31:02 Conscription
30:46 Fletching
30:56 Padded Archer Armor
31:44 Hand Cart
31:15 Town Watch
31:24 Champi Runner
32:05 Squires
32:42 Champi Warrior
34:16 Elite Champi Warrior
34:20 Elite Skirmisher
40:39 Thumb Ring
40:45 Crossbowman
42:01 Bodkin Arrow
42:21 Leather Archer Armor
42:22 Chain Mail Armor
42:46 Ballistics
42:58 Town Patrol
45:10 Plate Mail Armor
46:37 Bracer
xiaoye
12:13 Feudal Age
16:46 Castle Age
15:05 Double-Bit Axe
15:08 Horse Collar
16:43 Loom
24:03 Imperial Age
22:07 Heavy Plow
24:00 Chemistry
23:46 Padded Archer Armor
25:28 Leather Archer Armor
30:47 Ring Archer Armor
39:06 Fletching
38:50 Pikeman
39:30 Squires
40:41 Wheelbarrow
39:51 Town Watch
43:10 Fervor
43:21 Sanctity
43:31 Bodkin Arrow
44:13 Hand Cart
43:58 Town Patrol
47:41 Conscription
Connection lost

Rejoining the realm…

Still unreachable

The connection could not be restored.

Session expired

The server has moved on; the page needs a fresh start.